Panthers vs Kraken

Created - 7 novembre 2023 at 11:17

Goals
1 2 3 T
Panthers 2 1 0 3
Kraken 1 1 0 2
Shots
1 2 3 T
Panthers 15 10 13 38
Kraken 5 17 12 34

GoalsPenalties
1st period
1. Panthers , Taylor Hall 8 (Evgeni Malkin 12) at 0:10 (PP)
2. Panthers , Jack Roslovic 3 (Jesperi Kotkaniemi 6, Mike Hoffman 6) at 2:17
3. Kraken , David Perron 13 (Vladimir Tarasenko 14, Barclay Goodrow 11) at 6:10
David Perron (SEA) for Interference (Minor) at 0:07
Ryan Hartman (SEA) for Fighting (Major) at 2:18
Patrik Nemeth (FLO) for Fighting (Major) at 2:18
Ryan Hartman (SEA) for Roughing (Minor) at 8:55
2nd period
4. Kraken , Charlie Coyle 14 (Artturi Lehkonen 15, Justin Holl 5) at 7:01 (PP)
5. Panthers , Taylor Hall 9 (Evander Kane 9) at 10:52
James van Riemsdyk (FLO) for Diving (Minor) at 2:27
Jordan Eberle (FLO) for Boarding (Minor) at 6:30
3rd period
No Goal
Justin Holl (SEA) for Interference (Minor) at 1:13
Seth Jones (SEA) for Holding (Minor) at 8:52
Devon Toews (FLO) for High sticking (Minor) at 18:55
Goalie Stats
Adin Hill (FLO), 32 saves from 34 shots - (0,941), W, 9-11-1, 60:00 minutes
Frederik Andersen (SEA), 35 saves from 38 shots - (0,921), L, 15-12-1, 59:00 minutes
3 StarsOfficial
1 - Taylor Hall (FLO)
2 - Adin Hill (FLO)
3 - Jack Roslovic (FLO)
Referees : Beaudry Halkidis and Eric Furlatt
Linesman : Tyson Baker and Nikoleta Celarova
Game Note
Ryan Hartman and Patrik Nemeth fight to a draw at 2:18 of 1st period
Finance
Level 1 -- Attendance: 4913 (82%) -- Ticket Income $491,300
Level 2 -- Attendance: 3587 (72%) -- Ticket Income $215,220
Level 3 -- Attendance: 2000 (100%) -- Ticket Income $70,000
Level 4 -- Attendance: 2583 (65%) -- Ticket Income $64,575
Luxury Box -- Attendance: 1000 (100%) -- Ticket Income $200,000
Game was played at the Climate Pledge Arena.
Total Attendance: 14083 (78%)
Total Ticket Income: $1,041,095
Other Income: $312,328
Total Income: $1,353,423



Team Name Goals Shots Shots Attemp Shots Blocked PIM HIT PP PK FO%
Panthers 338671111191 / 4 (25%)147%
Kraken 234671913181 / 3 (33%)153%

Panthers
Player Name POS G A P +/- PIM HIT SHT SB MP PP MP PP SHT PK MP PK SHT FO% FOT GA TA
Andrew PeekeD000-1043124:523:4802:4200% 000
Auston MatthewsC0000012118:372:4301:38067% 1802
Devon ToewsD0000212026:063:4811:4100% 001
Evander KaneLW/RW0110021119:433:1701:080100% 211
Evgeni MalkinC0110023019:433:1701:08043% 3011
Jack RoslovicC/RW1011005016:222:4300:4800% 010
Jake EvansC000001208:020:0000:0000% 301
James van RiemsdykLW/RW0000200014:290:0000:00050% 400
Jeremy LauzonD0002010112:020:0000:0300% 001
Jesperi KotkaniemiC/LW0111011015:342:4300:00025% 800
Jordan EberleRW0000214014:250:0000:00033% 300
Karson KuhlmanRW000000117:510:0000:0000% 100
Matt GrzelcykD000-1010326:192:1201:5000% 001
Mike HoffmanLW0111022012:500:0000:0000% 000
Patrik NemethD0000512116:100:0000:0300% 001
Scott MayfieldD0002001014:292:1200:4900% 000
Steven LorentzC/LW/RW000001007:510:0000:0000% 000
Taylor HallLW2020009220:573:1752:260100% 110
Kraken
Player Name POS G A P +/- PIM HIT SHT SB MP PP MP PP SHT PK MP PK SHT FO% FOT GA TA
Artturi LehkonenLW/RW011-1001017:411:2703:0300% 020
Barclay GoodrowC/LW0110011117:040:2102:54050% 410
Charlie CoyleC/RW101-1022017:411:2713:03055% 2200
Christopher TanevD0000011221:340:0002:5200% 010
Connor MurphyD0001023216:111:0203:0800% 001
Curtis LazarC/RW000000106:560:2100:0300% 000
David PerronLW/RW1011214020:591:4610:00050% 210
Ilya LyubushkinD0001000112:530:0001:0700% 000
Jonas BrodinD000-2003423:421:0203:0800% 011
Justin HollD011-2232523:272:3211:4500% 011
Oliver BjorkstrandLW/RW000-1002014:431:2700:0300% 001
Radek FaksaC/LW000-1001014:440:0002:54050% 1200
Ryan DonatoC/LW000-1002111:480:0000:0000% 000
Ryan HartmanC/RW0000734018:401:4610:00060% 2500
Ryan PoehlingC/LW000003206:270:2100:00033% 300
Seth JonesD0000220222:192:3200:0000% 000
Vladimir TarasenkoRW0111005121:001:4610:0000% 220
Zach Aston-ReeseLW/RW000000006:060:0000:0000% 000

Panthers

5 vs 5 Forward
Line #Left WingCenterRight WingPHYDFOFWanted %Time %Time Play
1Taylor HallEvgeni MalkinEvander Kane0233330%15:07
2James van RiemsdykAuston MatthewsJordan Eberle0233229%14:31
3Mike HoffmanJesperi KotkaniemiJack Roslovic1222526%12:50
4Steven LorentzJake EvansKarson Kuhlman2211016%7:51
5 vs 5 Defense
Line #DefenseDefensePHYDFOFWanted %Time %Time Play
1Devon ToewsMatt Grzelcyk0324241%20:31
2Andrew PeekePatrik Nemeth0323837%18:42
3Scott MayfieldJeremy Lauzon0321722%11:06
4Devon ToewsAndrew Peeke03230%0:00
Power Play Forward
Line #Left WingCenterRight WingPHYDFOFWanted %Time %Time Play
1Taylor HallEvgeni MalkinEvander Kane0055555%3:17
2Jesperi KotkaniemiAuston MatthewsJack Roslovic0144545%2:43
Power Play Defense
Line #DefenseDefensePHYDFOFWanted %Time %Time Play
1Devon ToewsAndrew Peeke0235563%3:48
2Scott MayfieldMatt Grzelcyk0234537%2:12
Penalty Kill 4 Players Forward
Line #CenterWingPHYDFOFWanted %Time %Time Play
1Auston MatthewsTaylor Hall0415568%2:26
2Evgeni MalkinEvander Kane0414532%1:08
Penalty Kill 4 Players Defense
Line #DefenseDefensePHYDFOFWanted %Time %Time Play
1Devon ToewsAndrew Peeke0505577%2:45
2Scott MayfieldMatt Grzelcyk0504523%0:49
Penalty Kill 3 Players
Line #WingPHYDFOFWanted %Time %Time PlayDefenseDefensePHYDFOFWanted %Time %Time Play
1Auston Matthews050600%0:00 Devon ToewsAndrew Peeke050600%0:00
2Jesperi Kotkaniemi050400%0:00 Scott MayfieldMatt Grzelcyk050400%0:00
4 vs 4 Forward
Line #CenterWingPHYDFOFWanted %Time %Time Play
1Auston MatthewsTaylor Hall014500%0:00
2Evgeni MalkinEvander Kane014500%0:00
4 vs 4 Defense
Line #DefensePHYDFOFWanted %Time %Time Play
1Devon ToewsAndrew Peeke032500%0:00
2Scott MayfieldMatt Grzelcyk032500%0:00
Last Minutes Offensive
Left WingCenterRight WingDefenseDefense
Taylor HallAuston MatthewsJordan EberleDevon ToewsAndrew Peeke
Last Minutes Defensive
Left WingCenterRight WingDefenseDefense
Taylor HallAuston MatthewsJordan EberleDevon ToewsAndrew Peeke
Time
Total ForwardTotal DefenseLast Minutes OffensiveLast Minutes Defensive
60:00 60:00 0:000:07
Extra Forwards
Normal PowerPlayPenalty Kill
Jack Roslovic, Jesperi Kotkaniemi, Evander KaneJack Roslovic, Jesperi KotkaniemiJack Roslovic
Extra Defensemen
Normal PowerPlayPenalty Kill
Matt Grzelcyk, Patrik Nemeth, Jeremy LauzonMatt Grzelcyk, Matt GrzelcykPatrik Nemeth
Penalty Shots
Auston Matthews, Evgeni Malkin, Jordan Eberle, Taylor Hall, Jack Roslovic
Goalie
Adin Hill, Charlie Lindgren
Scratches
None

Kraken

5 vs 5 Forward
Line #Left WingCenterRight WingPHYDFOFWanted %Time %Time Play
1David PerronRyan HartmanVladimir Tarasenko1134038%19:14
2Oliver BjorkstrandCharlie CoyleArtturi Lehkonen1133026%13:11
3Barclay GoodrowRadek FaksaRyan Donato2212523%11:48
4Zach Aston-ReeseRyan PoehlingCurtis Lazar122512%6:06
5 vs 5 Defense
Line #DefenseDefensePHYDFOFWanted %Time %Time Play
1Seth JonesChristopher Tanev1314037%18:42
2Jonas BrodinJustin Holl1314038%19:12
3Connor MurphyIlya Lyubushkin1312023%11:46
4Seth JonesJonas Brodin13101%0:39
Power Play Forward
Line #Left WingCenterRight WingPHYDFOFWanted %Time %Time Play
1David PerronRyan HartmanVladimir Tarasenko1135050%1:46
2Oliver BjorkstrandCharlie CoyleArtturi Lehkonen1135050%1:48
Power Play Defense
Line #DefenseDefensePHYDFOFWanted %Time %Time Play
1Seth JonesJustin Holl0236071%2:32
2Connor MurphyJonas Brodin0234029%1:02
Penalty Kill 4 Players Forward
Line #CenterWingPHYDFOFWanted %Time %Time Play
1Radek FaksaBarclay Goodrow0415049%2:57
2Charlie CoyleArtturi Lehkonen0415051%3:03
Penalty Kill 4 Players Defense
Line #DefenseDefensePHYDFOFWanted %Time %Time Play
1Christopher TanevJustin Holl0415048%2:52
2Connor MurphyJonas Brodin0415052%3:08
Penalty Kill 3 Players
Line #WingPHYDFOFWanted %Time %Time PlayDefenseDefensePHYDFOFWanted %Time %Time Play
1Charlie Coyle050500%0:00 Christopher TanevJustin Holl050600%0:00
2Barclay Goodrow050500%0:00 Connor MurphyJustin Holl050400%0:00
4 vs 4 Forward
Line #CenterWingPHYDFOFWanted %Time %Time Play
1Charlie CoyleDavid Perron113500%0:00
2Ryan HartmanOliver Bjorkstrand113500%0:00
4 vs 4 Defense
Line #DefensePHYDFOFWanted %Time %Time Play
1Justin HollJonas Brodin032500%0:00
2Connor MurphyChristopher Tanev032500%0:00
Last Minutes Offensive
Left WingCenterRight WingDefenseDefense
David PerronRyan HartmanVladimir TarasenkoSeth JonesJustin Holl
Last Minutes Defensive
Left WingCenterRight WingDefenseDefense
Radek FaksaBarclay GoodrowArtturi LehkonenJustin HollChristopher Tanev
Time
Total ForwardTotal DefenseLast Minutes OffensiveLast Minutes Defensive
60:00 60:00 0:070:00
Extra Forwards
Normal PowerPlayPenalty Kill
Ryan Hartman, David Perron, Vladimir TarasenkoRyan Hartman, David PerronBarclay Goodrow
Extra Defensemen
Normal PowerPlayPenalty Kill
Seth Jones, Justin Holl, Connor MurphySeth Jones, Justin HollConnor Murphy
Penalty Shots
Vladimir Tarasenko, David Perron, Charlie Coyle, Oliver Bjorkstrand, Artturi Lehkonen
Goalie
Frederik Andersen, Matt Murray
Scratches
Evgeny Svechnikov (Healthy), Brad Hunt (Healthy)


Play-by-Play

1st period


0:01 of 1st period - Evgeni Malkin wins face-off versus Ryan Hartman in neutral zone.
0:07 of 1st period - Minor Penalty to David Perron for Interference.
0:08 of 1st period - Evgeni Malkin wins face-off versus Radek Faksa in Kraken zone.
0:08 of 1st period - Wrist shot by Taylor Hall.
0:08 of 1st period - Stopped by Frederik Andersen with a rebound.
0:10 of 1st period - Snap shot by Taylor Hall.
0:10 of 1st period - Goal by Taylor Hall - Panthers : 1 - Kraken : 0.
0:11 of 1st period - Auston Matthews wins face-off versus Charlie Coyle in neutral zone.
0:28 of 1st period - Backhand shot by Charlie Coyle.
0:28 of 1st period - Shot Misses the Net.
0:38 of 1st period - Jonas Brodin is hit by Patrik Nemeth and loses puck.
0:52 of 1st period - Barclay Goodrow is hit by Mike Hoffman and loses puck.
1:04 of 1st period - Slapshot by Devon Toews.
1:04 of 1st period - Stopped by Frederik Andersen with a rebound.
1:24 of 1st period - Wrist shot by Jack Roslovic.
1:24 of 1st period - Shot Blocked by Jonas Brodin.
2:05 of 1st period - Wrist shot by Mike Hoffman.
2:05 of 1st period - Shot Blocked by Justin Holl.
2:07 of 1st period - Wrist shot by Jack Roslovic.
2:07 of 1st period - Stopped by Frederik Andersen with a rebound.
2:17 of 1st period - Wrist shot by Jack Roslovic.
2:17 of 1st period - Goal by Jack Roslovic - Panthers : 2 - Kraken : 0.
2:18 of 1st period - Ryan Hartman wins face-off versus Evgeni Malkin in neutral zone.
2:18 of 1st period - Ryan Hartman and Patrik Nemeth fight to a draw.
2:18 of 1st period - Penalty to Ryan Hartman for Fighting.
2:18 of 1st period - Penalty to Patrik Nemeth for Fighting.
2:19 of 1st period - Evgeni Malkin wins face-off versus Vladimir Tarasenko in neutral zone.
2:24 of 1st period - Snap shot by Vladimir Tarasenko.
2:24 of 1st period - Shot Misses the Net.
3:08 of 1st period - Off-side.
3:09 of 1st period - Charlie Coyle wins face-off versus Karson Kuhlman in neutral zone.
3:41 of 1st period - Slapshot by Andrew Peeke.
3:41 of 1st period - Stopped by Frederik Andersen without a rebound.
3:42 of 1st period - Taylor Hall wins face-off versus Barclay Goodrow in Kraken zone.
4:05 of 1st period - Slapshot by Vladimir Tarasenko.
4:05 of 1st period - Deflect By David Perron.
4:05 of 1st period - Shot Misses the Net.
4:05 of 1st period - Puck is out of play.
4:06 of 1st period - Auston Matthews wins face-off versus Ryan Poehling in Panthers zone.
4:43 of 1st period - Slapshot by Evander Kane.
4:43 of 1st period - Stopped by Frederik Andersen without a rebound.
4:44 of 1st period - Barclay Goodrow wins face-off versus Evgeni Malkin in Kraken zone.
5:44 of 1st period - Wrist shot by Auston Matthews.
5:44 of 1st period - Stopped by Frederik Andersen with a rebound.
5:56 of 1st period - Wrist shot by David Perron.
5:56 of 1st period - Shot Misses the Net.
5:58 of 1st period - Slapshot by Justin Holl.
5:58 of 1st period - Stopped by Adin Hill without a rebound.
5:59 of 1st period - Barclay Goodrow wins face-off versus Evgeni Malkin in Panthers zone.
6:00 of 1st period - Snap shot by Vladimir Tarasenko.
6:00 of 1st period - Stopped by Adin Hill without a rebound.
6:01 of 1st period - Evgeni Malkin wins face-off versus Barclay Goodrow in Panthers zone.
6:06 of 1st period - Wrist shot by Vladimir Tarasenko.
6:06 of 1st period - Stopped by Adin Hill with a rebound.
6:08 of 1st period - Wrist shot by David Perron.
6:08 of 1st period - Shot Blocked by Andrew Peeke.
6:10 of 1st period - Snap shot by David Perron.
6:10 of 1st period - Goal by David Perron - Panthers : 2 - Kraken : 1.
6:11 of 1st period - Evander Kane wins face-off versus Charlie Coyle in neutral zone.
6:37 of 1st period - Vladimir Tarasenko is hit by Mike Hoffman and loses puck.
7:06 of 1st period - Snap shot by Auston Matthews.
7:06 of 1st period - Stopped by Frederik Andersen without a rebound.
7:07 of 1st period - Charlie Coyle wins face-off versus Evgeni Malkin in Kraken zone.
7:07 of 1st period - Charlie Coyle is hit by Jeremy Lauzon.
7:33 of 1st period - Jeremy Lauzon is hit by Ryan Hartman and loses puck.
7:38 of 1st period - Snap shot by David Perron.
7:38 of 1st period - Deflect By Vladimir Tarasenko.
7:38 of 1st period - Stopped by Adin Hill with a rebound.
7:40 of 1st period - Wrist shot by Ryan Hartman.
7:40 of 1st period - Shot Misses the Net.
8:55 of 1st period - Minor Penalty to Ryan Hartman for Roughing.
8:56 of 1st period - Charlie Coyle wins face-off versus Evgeni Malkin in Kraken zone.
9:06 of 1st period - Slapshot by Devon Toews.
9:06 of 1st period - Shot Blocked by Connor Murphy.
9:08 of 1st period - Slapshot by Devon Toews.
9:08 of 1st period - Stopped by Frederik Andersen without a rebound.
9:09 of 1st period - Charlie Coyle wins face-off versus Evgeni Malkin in Kraken zone.
9:20 of 1st period - Wrist shot by Evgeni Malkin.
9:20 of 1st period - Shot Misses the Net.
9:40 of 1st period - Slapshot by Auston Matthews.
9:40 of 1st period - Shot Blocked by Justin Holl.
10:10 of 1st period - Scott Mayfield is hit by Charlie Coyle and loses puck.
10:47 of 1st period - Christopher Tanev is hit by Andrew Peeke.
10:55 of 1st period - Penalty to Ryan Hartman is over, Ryan Hartman is back on ice.
11:23 of 1st period - Scott Mayfield is hit by Connor Murphy and loses puck.
11:44 of 1st period - Wrist shot by Oliver Bjorkstrand.
11:44 of 1st period - Shot Misses the Net.
12:45 of 1st period - Icing by Oliver Bjorkstrand.
12:46 of 1st period - Charlie Coyle wins face-off versus Jesperi Kotkaniemi in Kraken zone.
13:34 of 1st period - Wrist shot by Jack Roslovic.
13:34 of 1st period - Stopped by Frederik Andersen without a rebound.
13:35 of 1st period - Evander Kane wins face-off versus Ryan Hartman in Kraken zone.
13:36 of 1st period - Snap shot by Evgeni Malkin.
13:36 of 1st period - Shot Misses the Net.
13:48 of 1st period - Snap shot by Vladimir Tarasenko.
13:48 of 1st period - Deflect By David Perron.
13:48 of 1st period - Shot Misses the Net.
13:48 of 1st period - Puck is out of play.
13:49 of 1st period - Evgeni Malkin wins face-off versus Ryan Hartman in Panthers zone.
14:04 of 1st period - Snap shot by David Perron.
14:04 of 1st period - Deflect By Vladimir Tarasenko.
14:04 of 1st period - Shot Blocked by Patrik Nemeth.
14:04 of 1st period - Puck is out of play.
14:05 of 1st period - Auston Matthews wins face-off versus Charlie Coyle in Panthers zone.
14:10 of 1st period - Devon Toews is hit by Christopher Tanev and loses puck.
15:20 of 1st period - Snap shot by Artturi Lehkonen.
15:20 of 1st period - Shot Misses the Net.
15:36 of 1st period - Patrik Nemeth is hit by Justin Holl and loses puck.
16:24 of 1st period - Evgeni Malkin is hit by Ryan Hartman and loses puck.
17:19 of 1st period - Ryan Hartman is hit by Evgeni Malkin and loses puck.
17:49 of 1st period - Snap shot by Evgeni Malkin.
17:49 of 1st period - Stopped by Frederik Andersen with a rebound.
17:51 of 1st period - Slapshot by Evander Kane.
17:51 of 1st period - Shot Blocked by Connor Murphy.
17:53 of 1st period - Slapshot by Andrew Peeke.
17:53 of 1st period - Shot Blocked by Vladimir Tarasenko.
17:55 of 1st period - Slapshot by Taylor Hall.
17:55 of 1st period - Stopped by Frederik Andersen with a rebound.
17:57 of 1st period - Wrist shot by Evgeni Malkin.
17:57 of 1st period - Shot Misses the Net.
17:59 of 1st period - Slapshot by Patrik Nemeth.
17:59 of 1st period - Deflect By Vladimir Tarasenko.
17:59 of 1st period - Stopped by Frederik Andersen without a rebound.
18:00 of 1st period - Charlie Coyle wins face-off versus Auston Matthews in Kraken zone.
18:02 of 1st period - Icing by Seth Jones.
18:03 of 1st period - Auston Matthews wins face-off versus Charlie Coyle in Kraken zone.
18:04 of 1st period - Wrist shot by Jordan Eberle.
18:04 of 1st period - Deflect By Artturi Lehkonen.
18:04 of 1st period - Stopped by Frederik Andersen without a rebound.
18:05 of 1st period - Charlie Coyle wins face-off versus James van Riemsdyk in Kraken zone.
18:05 of 1st period - Charlie Coyle is hit by Devon Toews.
19:19 of 1st period - Snap shot by Auston Matthews.
19:19 of 1st period - Shot Misses the Net.
19:21 of 1st period - Wrist shot by James van Riemsdyk.
19:21 of 1st period - Shot Blocked by Justin Holl.
19:23 of 1st period - Snap shot by James van Riemsdyk.
19:23 of 1st period - Deflect By Jordan Eberle.
19:23 of 1st period - Shot Blocked by Justin Holl.
19:23 of 1st period - Puck is out of play.
19:24 of 1st period - James van Riemsdyk wins face-off versus Radek Faksa in Kraken zone.
Goals for this period are 2 for Panthers vs 1 for Kraken.
Shots for this period are 15 for Panthers vs 5 for Kraken.

2nd period


0:01 of 2nd period - Auston Matthews wins face-off versus Charlie Coyle in neutral zone.
0:14 of 2nd period - Snap shot by Jordan Eberle.
0:14 of 2nd period - Stopped by Frederik Andersen with a rebound.
0:51 of 2nd period - Off-side.
0:52 of 2nd period - Radek Faksa wins face-off versus Jesperi Kotkaniemi in neutral zone.
1:01 of 2nd period - Wrist shot by Jack Roslovic.
1:01 of 2nd period - Stopped by Frederik Andersen with a rebound.
1:03 of 2nd period - Wrist shot by Patrik Nemeth.
1:03 of 2nd period - Stopped by Frederik Andersen with a rebound.
1:05 of 2nd period - Slapshot by Jesperi Kotkaniemi.
1:05 of 2nd period - Shot Blocked by Christopher Tanev.
1:21 of 2nd period - Snap shot by Jack Roslovic.
1:21 of 2nd period - Deflect By Mike Hoffman.
1:21 of 2nd period - Stopped by Frederik Andersen without a rebound.
1:22 of 2nd period - Charlie Coyle wins face-off versus Jordan Eberle in Kraken zone.
1:22 of 2nd period - Charlie Coyle is hit by Jordan Eberle.
1:28 of 2nd period - Snap shot by Artturi Lehkonen.
1:28 of 2nd period - Stopped by Adin Hill with a rebound.
1:30 of 2nd period - Slapshot by Jonas Brodin.
1:30 of 2nd period - Stopped by Adin Hill without a rebound.
1:31 of 2nd period - Charlie Coyle wins face-off versus Jordan Eberle in Panthers zone.
2:12 of 2nd period - Snap shot by Charlie Coyle.
2:12 of 2nd period - Stopped by Adin Hill with a rebound.
2:27 of 2nd period - Minor Penalty to James van Riemsdyk for Diving.
2:28 of 2nd period - Auston Matthews wins face-off versus David Perron in Panthers zone.
3:49 of 2nd period - Matt Grzelcyk is hit by Seth Jones and loses puck.
4:00 of 2nd period - Matt Grzelcyk is hit by Ryan Poehling and loses puck.
4:27 of 2nd period - Penalty to James van Riemsdyk is over, James van Riemsdyk is back on ice.
5:23 of 2nd period - Wrist shot by Jesperi Kotkaniemi.
5:23 of 2nd period - Stopped by Frederik Andersen without a rebound.
5:24 of 2nd period - Ryan Hartman wins face-off versus Jesperi Kotkaniemi in Kraken zone.
6:08 of 2nd period - Slapshot by Artturi Lehkonen.
6:08 of 2nd period - Deflect By Charlie Coyle.
6:08 of 2nd period - Shot Blocked by Auston Matthews.
6:08 of 2nd period - Puck is out of play.
6:09 of 2nd period - Charlie Coyle wins face-off versus Auston Matthews in Panthers zone.
6:10 of 2nd period - Wrist shot by Artturi Lehkonen.
6:10 of 2nd period - Deflect By Auston Matthews.
6:10 of 2nd period - Shot Blocked by Matt Grzelcyk.
6:10 of 2nd period - Puck is out of play.
6:11 of 2nd period - Auston Matthews wins face-off versus Vladimir Tarasenko in Panthers zone.
6:11 of 2nd period - Auston Matthews is hit by Ryan Hartman.
6:30 of 2nd period - Minor Penalty to Jordan Eberle for Boarding.
6:31 of 2nd period - Ryan Hartman wins face-off versus Auston Matthews in Panthers zone.
6:37 of 2nd period - Wrist shot by David Perron.
6:37 of 2nd period - Stopped by Adin Hill with a rebound.
6:41 of 2nd period - Backhand shot by Ryan Hartman.
6:41 of 2nd period - Stopped by Adin Hill with a rebound.
6:43 of 2nd period - Wrist shot by Ryan Hartman.
6:43 of 2nd period - Shot Misses the Net.
6:45 of 2nd period - Slapshot by Justin Holl.
6:45 of 2nd period - Deflect By Auston Matthews.
6:45 of 2nd period - Stopped by Adin Hill with a rebound.
6:47 of 2nd period - Wrist shot by Vladimir Tarasenko.
6:47 of 2nd period - Stopped by Adin Hill without a rebound.
6:48 of 2nd period - Auston Matthews wins face-off versus Charlie Coyle in Panthers zone.
7:01 of 2nd period - Snap shot by Charlie Coyle.
7:01 of 2nd period - Goal by Charlie Coyle - Panthers : 2 - Kraken : 2.
7:02 of 2nd period - Ryan Hartman wins face-off versus Evgeni Malkin in neutral zone.
7:17 of 2nd period - Wrist shot by David Perron.
7:17 of 2nd period - Shot Misses the Net.
9:48 of 2nd period - Snap shot by Curtis Lazar.
9:48 of 2nd period - Stopped by Adin Hill with a rebound.
9:50 of 2nd period - Slapshot by Connor Murphy.
9:50 of 2nd period - Deflect By Karson Kuhlman.
9:50 of 2nd period - Stopped by Adin Hill without a rebound.
9:51 of 2nd period - Evgeni Malkin wins face-off versus Ryan Poehling in Panthers zone.
9:51 of 2nd period - Evgeni Malkin is hit by Ryan Poehling.
10:00 of 2nd period - Off-side.
10:01 of 2nd period - Ryan Hartman wins face-off versus Evgeni Malkin in neutral zone.
10:16 of 2nd period - Snap shot by Taylor Hall.
10:16 of 2nd period - Shot Blocked by Justin Holl.
10:30 of 2nd period - Jonas Brodin is hit by Evander Kane and loses puck.
10:52 of 2nd period - Snap shot by Taylor Hall.
10:52 of 2nd period - Goal by Taylor Hall - Panthers : 3 - Kraken : 2.
10:53 of 2nd period - Auston Matthews wins face-off versus Ryan Hartman in neutral zone.
11:58 of 2nd period - Christopher Tanev is hit by Auston Matthews.
12:04 of 2nd period - Slapshot by Jordan Eberle.
12:04 of 2nd period - Deflect By Auston Matthews.
12:04 of 2nd period - Shot Blocked by Seth Jones.
12:04 of 2nd period - Puck is out of play.
12:05 of 2nd period - Evgeni Malkin wins face-off versus Radek Faksa in Kraken zone.
12:14 of 2nd period - Wrist shot by Evgeni Malkin.
12:14 of 2nd period - Stopped by Frederik Andersen with a rebound.
12:16 of 2nd period - Slapshot by Andrew Peeke.
12:16 of 2nd period - Stopped by Frederik Andersen with a rebound.
12:22 of 2nd period - Snap shot by Radek Faksa.
12:22 of 2nd period - Stopped by Adin Hill with a rebound.
12:32 of 2nd period - Andrew Peeke is hit by Charlie Coyle.
13:17 of 2nd period - Wrist shot by Taylor Hall.
13:17 of 2nd period - Stopped by Frederik Andersen with a rebound.
13:23 of 2nd period - Evander Kane is hit by Barclay Goodrow and loses puck.
14:17 of 2nd period - Off-side.
14:18 of 2nd period - Evgeni Malkin wins face-off versus Radek Faksa in neutral zone.
14:31 of 2nd period - Slapshot by Connor Murphy.
14:31 of 2nd period - Stopped by Adin Hill with a rebound.
14:33 of 2nd period - Slapshot by Connor Murphy.
14:33 of 2nd period - Shot Blocked by Taylor Hall.
14:35 of 2nd period - Slapshot by Connor Murphy.
14:35 of 2nd period - Shot Blocked by Taylor Hall.
14:54 of 2nd period - Jordan Eberle is hit by David Perron and loses puck.
17:01 of 2nd period - Snap shot by Ryan Poehling.
17:01 of 2nd period - Stopped by Adin Hill without a rebound.
17:02 of 2nd period - Ryan Poehling wins face-off versus Evgeni Malkin in Panthers zone.
17:03 of 2nd period - Wrist shot by Zach Aston-Reese.
17:03 of 2nd period - Shot Blocked by Matt Grzelcyk.
17:05 of 2nd period - Wrist shot by Ryan Poehling.
17:05 of 2nd period - Stopped by Adin Hill without a rebound.
17:06 of 2nd period - Ryan Hartman wins face-off versus Evgeni Malkin in Panthers zone.
17:19 of 2nd period - Snap shot by Ryan Hartman.
17:19 of 2nd period - Stopped by Adin Hill without a rebound.
17:20 of 2nd period - Evgeni Malkin wins face-off versus Ryan Hartman in Panthers zone.
18:14 of 2nd period - Snap shot by Barclay Goodrow.
18:14 of 2nd period - Shot Misses the Net.
18:35 of 2nd period - Snap shot by Karson Kuhlman.
18:35 of 2nd period - Stopped by Frederik Andersen without a rebound.
18:36 of 2nd period - Ryan Hartman wins face-off versus Jake Evans in Kraken zone.
18:49 of 2nd period - Wrist shot by Vladimir Tarasenko.
18:49 of 2nd period - Shot Misses the Net.
18:51 of 2nd period - Slapshot by Christopher Tanev.
18:51 of 2nd period - Stopped by Adin Hill without a rebound.
18:52 of 2nd period - Radek Faksa wins face-off versus Evgeni Malkin in Panthers zone.
19:02 of 2nd period - Snap shot by Barclay Goodrow.
19:02 of 2nd period - Shot Misses the Net.
19:06 of 2nd period - Slapshot by Ryan Donato.
19:06 of 2nd period - Shot Misses the Net.
19:08 of 2nd period - Snap shot by Ryan Donato.
19:08 of 2nd period - Stopped by Adin Hill with a rebound.
Goals for this period are 1 for Panthers vs 1 for Kraken.
Shots for this period are 10 for Panthers vs 17 for Kraken.

3rd period


0:01 of 3rd period - Ryan Hartman wins face-off versus Evgeni Malkin in neutral zone.
0:14 of 3rd period - Snap shot by David Perron.
0:14 of 3rd period - Stopped by Adin Hill with a rebound.
0:16 of 3rd period - Slapshot by Vladimir Tarasenko.
0:16 of 3rd period - Stopped by Adin Hill with a rebound.
0:40 of 3rd period - Snap shot by Jordan Eberle.
0:40 of 3rd period - Deflect By Auston Matthews.
0:40 of 3rd period - Shot Misses the Net.
0:40 of 3rd period - Puck is out of play.
0:41 of 3rd period - Jesperi Kotkaniemi wins face-off versus Ryan Hartman in Kraken zone.
1:11 of 3rd period - Snap shot by Taylor Hall.
1:11 of 3rd period - Shot Blocked by Jonas Brodin.
1:13 of 3rd period - Minor Penalty to Justin Holl for Interference.
1:14 of 3rd period - Evgeni Malkin wins face-off versus Charlie Coyle in Kraken zone.
1:40 of 3rd period - Jesperi Kotkaniemi is hit by Connor Murphy and loses puck.
2:50 of 3rd period - Charlie Coyle is hit by Andrew Peeke and loses puck.
3:13 of 3rd period - Penalty to Justin Holl is over, Justin Holl is back on ice.
3:21 of 3rd period - Slapshot by Jonas Brodin.
3:21 of 3rd period - Deflect By Scott Mayfield.
3:21 of 3rd period - Stopped by Adin Hill with a rebound.
3:23 of 3rd period - Snap shot by Vladimir Tarasenko.
3:23 of 3rd period - Shot Misses the Net.
3:25 of 3rd period - Slapshot by Justin Holl.
3:25 of 3rd period - Shot Blocked by Karson Kuhlman.
3:29 of 3rd period - Snap shot by Vladimir Tarasenko.
3:29 of 3rd period - Shot Hit the Post.
3:41 of 3rd period - Jordan Eberle is hit by Ryan Poehling and loses puck.
4:15 of 3rd period - Slapshot by Ryan Donato.
4:15 of 3rd period - Stopped by Adin Hill without a rebound.
4:16 of 3rd period - Radek Faksa wins face-off versus Jesperi Kotkaniemi in Panthers zone.
4:23 of 3rd period - Snap shot by Barclay Goodrow.
4:23 of 3rd period - Shot Blocked by Jeremy Lauzon.
4:37 of 3rd period - Snap shot by Steven Lorentz.
4:37 of 3rd period - Shot Blocked by Ryan Donato.
4:39 of 3rd period - Snap shot by Jake Evans.
4:39 of 3rd period - Stopped by Frederik Andersen without a rebound.
4:40 of 3rd period - Ryan Hartman wins face-off versus Jake Evans in Kraken zone.
5:54 of 3rd period - Snap shot by Jack Roslovic.
5:54 of 3rd period - Shot Blocked by Seth Jones.
6:30 of 3rd period - Curtis Lazar is hit by Evander Kane and loses puck.
6:49 of 3rd period - Wrist shot by Artturi Lehkonen.
6:49 of 3rd period - Shot Misses the Net.
7:10 of 3rd period - Snap shot by Vladimir Tarasenko.
7:10 of 3rd period - Shot Blocked by Matt Grzelcyk.
7:12 of 3rd period - Slapshot by Ryan Hartman.
7:12 of 3rd period - Stopped by Adin Hill without a rebound.
7:13 of 3rd period - Evgeni Malkin wins face-off versus Ryan Hartman in Panthers zone.
7:22 of 3rd period - Slapshot by Andrew Peeke.
7:22 of 3rd period - Shot Misses the Net.
8:08 of 3rd period - Snap shot by Oliver Bjorkstrand.
8:08 of 3rd period - Stopped by Adin Hill without a rebound.
8:09 of 3rd period - Radek Faksa wins face-off versus Jesperi Kotkaniemi in Panthers zone.
8:10 of 3rd period - Snap shot by Barclay Goodrow.
8:10 of 3rd period - Shot Misses the Net.
8:12 of 3rd period - Snap shot by Barclay Goodrow.
8:12 of 3rd period - Stopped by Adin Hill without a rebound.
8:13 of 3rd period - Radek Faksa wins face-off versus Evgeni Malkin in Panthers zone.
8:24 of 3rd period - Wrist shot by Evander Kane.
8:24 of 3rd period - Shot Misses the Net.
8:26 of 3rd period - Wrist shot by Taylor Hall.
8:26 of 3rd period - Stopped by Frederik Andersen without a rebound.
8:27 of 3rd period - Ryan Hartman wins face-off versus Evgeni Malkin in Kraken zone.
8:34 of 3rd period - Snap shot by Evgeni Malkin.
8:34 of 3rd period - Stopped by Frederik Andersen without a rebound.
8:35 of 3rd period - Ryan Hartman wins face-off versus Evgeni Malkin in Kraken zone.
8:35 of 3rd period - Ryan Hartman is hit by Evgeni Malkin.
8:52 of 3rd period - Minor Penalty to Seth Jones for Holding.
8:53 of 3rd period - Charlie Coyle wins face-off versus Evgeni Malkin in Kraken zone.
8:53 of 3rd period - Charlie Coyle is hit by Andrew Peeke.
9:02 of 3rd period - Backhand shot by Evgeni Malkin.
9:02 of 3rd period - Deflect By Taylor Hall.
9:02 of 3rd period - Stopped by Frederik Andersen without a rebound.
9:03 of 3rd period - Evgeni Malkin wins face-off versus Charlie Coyle in Kraken zone.
9:06 of 3rd period - Wrist shot by Taylor Hall.
9:06 of 3rd period - Stopped by Frederik Andersen with a rebound.
9:08 of 3rd period - Snap shot by Evgeni Malkin.
9:08 of 3rd period - Shot Blocked by Jonas Brodin.
9:10 of 3rd period - Snap shot by Taylor Hall.
9:10 of 3rd period - Shot Misses the Net.
9:18 of 3rd period - Backhand shot by Taylor Hall.
9:18 of 3rd period - Stopped by Frederik Andersen without a rebound.
9:19 of 3rd period - Auston Matthews wins face-off versus Radek Faksa in Kraken zone.
10:52 of 3rd period - Penalty to Seth Jones is over, Seth Jones is back on ice.
11:00 of 3rd period - Wrist shot by Connor Murphy.
11:00 of 3rd period - Stopped by Adin Hill without a rebound.
11:01 of 3rd period - Ryan Hartman wins face-off versus Jake Evans in Panthers zone.
11:18 of 3rd period - David Perron is hit by Steven Lorentz and loses puck.
11:29 of 3rd period - Wrist shot by Jake Evans.
11:29 of 3rd period - Stopped by Frederik Andersen without a rebound.
11:30 of 3rd period - James van Riemsdyk wins face-off versus Charlie Coyle in Kraken zone.
11:45 of 3rd period - Auston Matthews is hit by Justin Holl and loses puck.
12:39 of 3rd period - Charlie Coyle is hit by Andrew Peeke and loses puck.
12:47 of 3rd period - Off-side.
12:48 of 3rd period - Auston Matthews wins face-off versus Ryan Hartman in neutral zone.
12:51 of 3rd period - Slapshot by Scott Mayfield.
12:51 of 3rd period - Stopped by Frederik Andersen without a rebound.
12:52 of 3rd period - Auston Matthews wins face-off versus Ryan Hartman in Kraken zone.
13:01 of 3rd period - Snap shot by Ryan Hartman.
13:01 of 3rd period - Stopped by Adin Hill without a rebound.
13:02 of 3rd period - Ryan Hartman wins face-off versus James van Riemsdyk in Panthers zone.
13:45 of 3rd period - Devon Toews is hit by Justin Holl and loses puck.
14:04 of 3rd period - Snap shot by Oliver Bjorkstrand.
14:04 of 3rd period - Stopped by Adin Hill without a rebound.
14:05 of 3rd period - Jordan Eberle wins face-off versus Ryan Hartman in Panthers zone.
15:34 of 3rd period - Barclay Goodrow is hit by Jake Evans and loses puck.
15:41 of 3rd period - Wrist shot by Karson Kuhlman.
15:41 of 3rd period - Shot Misses the Net.
15:43 of 3rd period - Wrist shot by Jake Evans.
15:43 of 3rd period - Deflect By Steven Lorentz.
15:43 of 3rd period - Shot Blocked by Barclay Goodrow.
15:43 of 3rd period - Puck is out of play.
15:44 of 3rd period - Charlie Coyle wins face-off versus Jesperi Kotkaniemi in Kraken zone.
16:23 of 3rd period - Ryan Hartman is hit by Matt Grzelcyk and loses puck.
16:55 of 3rd period - Icing by Matt Grzelcyk.
16:56 of 3rd period - Jesperi Kotkaniemi wins face-off versus Radek Faksa in Panthers zone.
17:14 of 3rd period - Barclay Goodrow is hit by Jesperi Kotkaniemi and loses puck.
17:25 of 3rd period - Wrist shot by Mike Hoffman.
17:25 of 3rd period - Stopped by Frederik Andersen with a rebound.
17:31 of 3rd period - Snap shot by Jesperi Kotkaniemi.
17:31 of 3rd period - Shot Blocked by Jonas Brodin.
17:37 of 3rd period - Wrist shot by Jack Roslovic.
17:37 of 3rd period - Stopped by Frederik Andersen without a rebound.
17:38 of 3rd period - Evgeni Malkin wins face-off versus Charlie Coyle in Kraken zone.
17:41 of 3rd period - Slapshot by Taylor Hall.
17:41 of 3rd period - Shot Misses the Net.
17:43 of 3rd period - Slapshot by Andrew Peeke.
17:43 of 3rd period - Stopped by Frederik Andersen with a rebound.
17:45 of 3rd period - Snap shot by Taylor Hall.
17:45 of 3rd period - Shot Blocked by Ilya Lyubushkin.
18:10 of 3rd period - Snap shot by Jordan Eberle.
18:10 of 3rd period - Stopped by Frederik Andersen without a rebound.
18:11 of 3rd period - Radek Faksa wins face-off versus Auston Matthews in Kraken zone.
18:28 of 3rd period - Snap shot by Jordan Eberle.
18:28 of 3rd period - Shot Blocked by Christopher Tanev.
18:30 of 3rd period - Snap shot by Jordan Eberle.
18:30 of 3rd period - Stopped by Frederik Andersen without a rebound.
18:31 of 3rd period - David Perron wins face-off versus Evgeni Malkin in Kraken zone.
18:36 of 3rd period - Snap shot by David Perron.
18:36 of 3rd period - Stopped by Adin Hill with a rebound.
18:38 of 3rd period - Wrist shot by Vladimir Tarasenko.
18:38 of 3rd period - Shot Misses the Net.
18:40 of 3rd period - Wrist shot by Ryan Hartman.
18:40 of 3rd period - Shot Misses the Net.
18:42 of 3rd period - Slapshot by Justin Holl.
18:42 of 3rd period - Shot Misses the Net.
18:44 of 3rd period - Wrist shot by Ryan Hartman.
18:44 of 3rd period - Shot Misses the Net.
18:46 of 3rd period - Slapshot by Jonas Brodin.
18:46 of 3rd period - Shot Blocked by Evander Kane.
18:48 of 3rd period - Snap shot by Jonas Brodin.
18:48 of 3rd period - Stopped by Adin Hill without a rebound.
18:49 of 3rd period - Bob Hartley call a timeout for Kraken.
18:49 of 3rd period - Ryan Hartman wins face-off versus Auston Matthews in Panthers zone.
18:55 of 3rd period - Minor Penalty to Devon Toews for High sticking.
18:56 of 3rd period - Ryan Hartman wins face-off versus Auston Matthews in Panthers zone.
19:00 of 3rd period - Kraken, Frederik Andersen is pulled from the net.
19:16 of 3rd period - Matt Grzelcyk is hit by Seth Jones and loses puck.
Goals for this period are 0 for Panthers vs 0 for Kraken.
Shots for this period are 13 for Panthers vs 12 for Kraken.